 Dungeon Crawl Stone Soup version 0.14.0-24-gfb45beb (webtiles) character file.

258 Kae the Cudgeler (level 5, -3/45 HPs)
             Began as a Minotaur Fighter on Apr 22, 2014.
             Killed by divine providence
             ... invoked by an orc priest
              (12 damage)
             ... on Level 3 of the Dungeon.
             The game lasted 00:02:19 (2035 turns).

Kae the Cudgeler (Minotaur Fighter)                 Turns: 2035, Time: 00:02:19

HP  -3/45        AC  9     Str 20      XL: 5   Next:  6%
MP   2/2         EV  6     Int  6      God:
Gold 113         SH 18     Dex 10      Spells:  0 memorised,  4 levels left

rFire  . . .     SeeInvis .     a - +0 flail
rCold  . . .     Clarity  .     b - +0 scale mail
rNeg   . . .     Conserve .     c - +0 shield
rPois  .         rCorr    .     (helmet restricted)
rElec  .         rRot     .     (no cloak)
SustAb . .       Spirit   .     (no gloves)
rMut   .         Warding  .     p - +1 pair of boots
Saprov . . .     Stasis   .     (no amulet)
MR     +....                    (no ring)
                                u - ring of protection from magic

@: somewhat resistant to hostile enchantments, extremely unstealthy
A: retaliatory headbutt, horns 2
a: no special abilities


You were on level 3 of the Dungeon.
You were not hungry.

You visited 1 branch of the dungeon, and saw 3 of its levels.

You collected 113 gold pieces.

Inventory:

Hand weapons
 a - a +0,+0 flail (weapon)
Armour
 b - a +0 scale mail (worn)
 c - a +0 shield (worn)
 p - a +1 pair of boots (worn)
Comestibles
 d - 2 bread rations
 q - 3 apples
 r - a pear
 t - a meat ration
Scrolls
 e - 3 scrolls of amnesia {unknown}
 h - 2 scrolls of remove curse
 i - a scroll of enchant armour
 j - 4 scrolls of identify
 k - 2 scrolls of blinking {unknown}
Jewellery
 u - a ring of protection from magic (left hand)
Potions
 f - a potion of mutation {unknown}
 g - 2 potions of brilliance {unknown}
 l - a potion of lignification {unknown}
 m - a potion of heal wounds {unknown}
 o - 2 potions of haste {unknown}
 s - a potion of poison {unknown}


   Skills:
 - Level 3.6 Fighting
 + Level 6.4 Maces & Flails
 - Level 3.6 Armour
 - Level 3.6 Shields


You had 4 spell levels left.
You didn't know any spells.

Dungeon Overview and Level Annotations

Branches:
Dungeon (3/15)

Altars:
Nemelex Xobeh


Innate Abilities, Weirdness & Mutations

You reflexively headbutt those who attack you in melee.
You have a pair of horns on your head.


Message History

The orc priest calls down the wrath of Beogh upon you.
Something smites you!
* * * LOW HITPOINT WARNING * * *
Things that are here:
a falchion; a leather armour You are too injured to fight recklessly!
You are too injured to fight recklessly!
You are too injured to fight recklessly!
You are too injured to fight recklessly!
You are too injured to fight recklessly!
You are too injured to fight recklessly!
You are too injured to fight recklessly!
You are too injured to fight recklessly!
You are too injured to fight recklessly!
You are too injured to fight recklessly!
You hit the orc priest.
The orc priest is moderately wounded.
The orc priest invokes the aid of Beogh against you.
Something smites you!
You die...

..........####.......##.###.(....
..........#..........##..##(.>...
............##.......###.........
..........#########.## ####......
..........# ##o# #......
..........# ###..# ###.###
#####.##### #...## #.# #####..###
#####o### #.# .........#
#...)@..# #.#
.........###.......# #####.###
.........#.'.......# #........
.........#.#....<..# ####%.......
......%....#.......###........%..
......%..###.......##..##........
.........# #.......'..###########
.........# #.......####
########## #.......#


You could see 2 orc priests.

Vanquished Creatures
  Natasha (thrice) (D:3)
  3 adders
  A white imp (D:3)
  3 worms (D:2)
  An ooze (D:2)
  A giant gecko (D:3)
  4 orcs
  A ball python (D:3)
  10 bats
  3 giant cockroaches
  2 goblins
  7 hobgoblins
  6 jackals
  7 kobolds
  A quokka (D:3)
  3 giant newts
  4 rats
60 creatures vanquished.

Notes
Turn   | Place    | Note
--------------------------------------------------------------
     0 | D:1      | Kae, the Minotaur Fighter, began the quest for the Orb.
     0 | D:1      | Reached XP level 1. HP: 19/19 MP: 1/1
   101 | D:1      | Reached XP level 2. HP: 23/26 MP: 1/1
   646 | D:2      | Reached skill level 4 in Maces & Flails
   692 | D:2      | Reached XP level 3. HP: 21/31 MP: 2/2
  1005 | D:2      | Found a sparkling altar of Nemelex Xobeh.
  1019 | D:2      | Reached skill level 5 in Maces & Flails
  1207 | D:2      | Reached XP level 4. HP: 39/39 MP: 2/2
  1582 | D:3      | Noticed Natasha
  1600 | D:3      | Killed Natasha
  1600 | D:3      | Reached skill level 6 in Maces & Flails
  1917 | D:3      | Noticed Natasha
  1929 | D:3      | Killed Natasha
  1929 | D:3      | Reached XP level 5. HP: 26/45 MP: 2/2
  2006 | D:3      | Noticed Natasha
  2009 | D:3      | Killed Natasha
  2035 | D:3      | Killed from afar by an orc priest

Action                   |  1- 3 |  4- 6 || total
-------------------------+-------+-------++-------
Melee: Flail             |    77 |   103 ||   180
  Use: Scroll            |       |     6 ||     6
